 Dungeon Crawl Stone Soup version 0.30.0 (webtiles) character file.

Game seed: 17837918234132993657

887 Rrauwl the Spear-Bearer (level 8, 0/63 HPs)
             Began as a Merfolk Gladiator on May 5, 2023.
             Was a Follower of Okawaru.
             Slain by a shadow imp (5 damage)
             ... on level 5 of the Dungeon.
             The game lasted 00:11:10 (4733 turns).

Rrauwl the Spear-Bearer (Merfolk Gladiator)         Turns: 4733, Time: 00:11:11

Health: 0/63       AC:  4    Str: 17    XL:     8   Next: 5%
Magic:  8/8        EV: 12    Int:  7    God:    Okawaru [*.....]
Gold:   158        SH:  9    Dex: 15    Spells: 7/7 levels left

rFire   . . .        a - +0 trident (venom)
rCold   . . .        o - +0 kite shield
rNeg    . . .        f - +2 robe {Archmagi}
rPois   .            c - +0 helmet
rElec   .            g - scarf {repulsion}
rCorr   .            (no gloves)
SInv    .            (no boots)
Will    .....        (no amulet)
Stlth   +            (no ring)
HPRegen 0.30/turn    (no ring)
MPRegen 0.11/turn

%: repel missiles, archmagi
@: no status effects
A: (nimble swimmer 2), mertail, deformed body, robust 1
a: Renounce Religion, Heroism


You were on level 5 of the Dungeon.
You worshipped Okawaru.
Okawaru was aware of your devotion.
You visited 2 branches of the dungeon, and saw 6 of its levels.

You collected 158 gold pieces.

Inventory:

Hand Weapons
 a - a +0 trident of venom (weapon)
 k - a +3 quarterstaff of chaos
 p - a +2 trident of protection
Missiles
 d - 3 throwing nets (quivered)
 e - a javelin
Armour
 c - a +0 helmet (worn)
 f - a +2 robe of the Archmagi (worn)
 g - a scarf of repulsion (worn)
 o - a +0 kite shield (worn)
Magical Staves
 h - a staff of cold
Wands
 j - a wand of digging (7)
 q - a wand of flame (28)
Scrolls
 i - 2 scrolls of teleportation
 l - 3 scrolls of identify
 m - a scroll of silence
 n - a scroll of fog
 t - a scroll of blinking
Potions
 r - a potion of attraction
 s - a potion of brilliance


   Skills:
 - Level 3.0 Fighting
 + Level 10.0 Polearms
 - Level 2.0 Throwing
 - Level 4.0 Dodging
 + Level 4.9 Shields


You had 7 spell levels left.
You didn't know any spells.
Your spell library contained the following spells:

 Spells                   Type           Power      Damage    Failure   Level
 Sublimation of Blood     Necr           0%         N/A       88%         2
 Wereblood                Tmut           0%         N/A       88%         2
 Portal Projectile        Hex/Tloc       0%         N/A       98%         3
 Stone Arrow              Conj/Erth      0%         3d7       98%         3
 Blade Hands              Tmut           0%         N/A       100%        5
 Lehudib's Crystal Spear  Conj/Erth      0%         10d2      100%        8
 Tukima's Dance           Hex            Unusable   N/A       N/A         3
 Animate Armour           Summ/Erth      Unusable   N/A       N/A         4
 Summon Hydra             Summ           Unusable   N/A       N/A         7

Dungeon Overview and Level Annotations

Branches:
Dungeon (5/15)             Temple (1/1) D:4

Altars:
Ashenzari
Cheibriados
Gozag
Kikubaaqudgha
Okawaru
Ru
Sif Muna
Trog
Uskayaw
Vehumet
Wu Jian
Xom
Yredelemnul
Zin

Shops:
D:1 :   D:5 :*


Innate Abilities, Weirdness & Mutations

((You are very nimble when in or above water. (Stealth+, EV+, Speed+++)))
Your lower body shifts to a powerful aquatic tail in water.
Armour fits poorly on your strangely shaped body.
You are robust. (+10% HP)


Message History

The gnoll is moderately wounded.
The gnoll hits you with a +0 club.
* * * LOW HITPOINT WARNING * * *
You hit the gnoll.
The gnoll is poisoned.
The gnoll is severely wounded.
The gnoll hits you with a +0 club.
* * * LOW HITPOINT WARNING * * *
You puncture the gnoll!
You kill the gnoll!
Okawaru accepts your kill.
Your Polearms skill increases to level 10!
Reach: a) +0 trident (venom)
Press: ? - help, Dir - move target, f - shadow imp
Aim: a shadow imp (about 39% to evade your +0 trident of venom)
You closely miss the shadow imp.
The shadow imp hits you but does no damage.
Reach: a) +0 trident (venom)
Press: ? - help, Dir - move target, f/p - shadow imp
Aim: a shadow imp (about 39% to evade your +0 trident of venom)
You hit the shadow imp.
The shadow imp is poisoned.
The shadow imp is heavily wounded.
You block the shadow imp's attack.
Reach: a) +0 trident (venom)
Press: ? - help, Dir - move target, f/p - shadow imp
Aim: a shadow imp (heavily wounded, very poisoned, about 39% to evade your +0 trident of venom)
You hit the shadow imp but do no damage.
The shadow imp looks as sick as possible!
The shadow imp is heavily wounded.
The shadow imp hits you.
* * * LOW HITPOINT WARNING * * *
Reach: a) +0 trident (venom)
Press: ? - help, Dir - move target, f/p - shadow imp
Aim: a shadow imp (heavily wounded, extremely poisoned, about 39% to evade your +0 trident of venom)
You hit the shadow imp but do no damage.
The shadow imp looks as sick as possible!
The shadow imp is heavily wounded.
You block the orc's attack.
The shadow imp laughs crazily.
The shadow imp hits you.
You die...

##..........# #.........###.
##......##..... #.....####.....
#............## ###
##...........#
##.####....#))....##
##...##.....#o5....##
#............@##...#
##..........#..#...# #
###..##....##.....
#####....##....#......#
.#.##....).......##.### #### ###
.#.##.)##...##...#### ...... ..#
....#....###........##.......##.#
......<...#..............##......
............#......##..........†#


You could see a shadow imp (extremely poisoned) and an orc.

Vanquished Creatures
  A black bear (D:5)
  A gnoll sergeant (D:5)
  2 scorpions (D:4)
  An orc priest (D:4)
  Crazy Yiuf (D:3)
  2 hounds (D:5)
  4 iguanas
  A sleepcap (D:5)
  Jessica (D:3)
  Natasha (thrice) (D:4)
  8 adders
  10 gnolls
  An ufetubus (D:5)
  4 worms (D:2)
  2 dart slugs
  An orc (D:5)
  5 ball pythons
  5 bats
  3 endoplasms (D:1)
  6 giant cockroaches
  7 goblins
  9 hobgoblins
  4 jackals
  8 kobolds
  2 quokkas (D:1)
  4 frilled lizards
  8 rats
104 creatures vanquished.

Notes
Turn   | Place    | Note
-------+----------+-------------------------------------------
     0 | D:1      | Rrauwl the Merfolk Gladiator began the quest for the Orb.
     0 | D:1      | Reached XP level 1. HP: 16/16 MP: 1/1
   142 | D:1      | Reached XP level 2. HP: 17/23 MP: 2/2
   263 | D:1      | Found Anosacahyk's Vocational Training.
   410 | D:1      | Reached XP level 3. HP: 28/29 MP: 3/3
   425 | D:1      | Reached skill level 5 in Polearms
   804 | D:2      | Reached XP level 4. HP: 34/35 MP: 4/4
  1161 | D:2      | Reached skill level 6 in Polearms
  2132 | D:3      | Reached XP level 5. HP: 41/41 MP: 5/5
  2297 | D:3      | Noticed Jessica
  2301 | D:3      | Killed Jessica
  2302 | D:3      | Reached skill level 7 in Polearms
  2732 | D:3      | Found a runed translucent door.
  2733 | D:3      | Noticed Crazy Yiuf
  2880 | D:3      | Gained mutation: Armour fits poorly on your strangely
                  | shaped body. [potion of mutation]
  2880 | D:3      | Gained mutation: You are robust. (+10% HP) [potion of
                  | mutation]
  2885 | D:3      | Killed Crazy Yiuf
  2886 | D:3      | Reached skill level 1 in Shields
  3133 | D:4      | Noticed Natasha
  3140 | D:4      | Killed Natasha
  3202 | D:4      | Reached XP level 6. HP: 50/51 MP: 6/6
  3204 | D:4      | Noticed Natasha
  3210 | D:4      | Killed Natasha
  3286 | D:4      | Reached skill level 8 in Polearms
  3475 | D:4      | Found a staircase to the Ecumenical Temple.
  3492 | Temple   | Entered the Ecumenical Temple
  3548 | Temple   | Became a worshipper of Warmaster Okawaru
  3827 | D:4      | Noticed Natasha
  3834 | D:4      | Killed Natasha
  3981 | D:5      | Entered Level 5 of the Dungeon
  3988 | D:5      | Noticed a black bear
  3989 | D:5      | Reached XP level 7. HP: 57/57 MP: 7/7
  3998 | D:5      | Reached skill level 9 in Polearms
  4098 | D:4      | Reached * piety under Okawaru
  4592 | D:5      | Found Dyj Cin's Self-Improvement Boutique.
  4695 | D:5      | Found Memet's Assorted Antiques.
  4725 | D:5      | Reached XP level 8. HP: 13/63 MP: 8/8
  4730 | D:5      | Reached skill level 10 in Polearms
  4733 | D:5      | Slain by a shadow imp

Illustrated notes

Levels and vault maps discovered:
D:1:      lightli_arrival_boilingwater, layout_rooms, nicolae_shop_vocational
D:2:      minmay_inner_zag, layout_loops_corners, minmay_misc_feat_cross
D:3:      layout_basic, hangedman_decor_points, uniq_crazy_yiuf_cottage,
          uniq_jessica
D:4:      layout_gridville, minmay_temple_entry_proselytizer, uniq_natasha
D:5:      layout_cave_pools, nicolae_overflow_hidden_temple, serial_shops,
          nicolae_shop_tiny_waterfront, nicolae_shop_self_help
Temple:   eino_temple_lava

Skill      XL: |  1  2  3  4  5  6  7  8 |
---------------+-------------------------+-----
Fighting       | 3 |  3.0
Polearms       | 5 6 7 8 9 10 | 10.0
Shields        | 1 3 4 |  4.9
Throwing       | |  2.0
Dodging        | |  4.0

Action                     |  1- 3 |  4- 6 |  7- 9 || total
---------------------------+-------+-------+-------++-------
  Melee: Trident           |   111 |   203 |    78 ||   392
    Use: Scroll            |     1 |     9 |       ||    10
         Potion            |       |     6 |     1 ||     7
   Stab: Sleeping          |     1 |     2 |       ||     3
 Armour: Robe              |    32 |    25 |    11 ||    68
  Dodge: Dodged            |    62 |    72 |    37 ||   171
  Block: Kite shield       |       |    33 |    22 ||    55
